 Dungeon Crawl Stone Soup version 0.31.0-12-g77e489cdc1 (webtiles) character file.

Game seed: 5646793002281120032

2853 jimonade the Grappler (level 8, -4/81 (83) HPs)
             Began as a Troll Warper on Mar 1, 2024.
             Was a Priest of Ru.
             Slain by a killer bee (6 damage)
             ... on level 8 of the Dungeon.
             The game lasted 00:15:31 (6170 turns).

jimonade the Grappler (Troll Warper)                Turns: 6170, Time: 00:15:32

HP:   -4/81 (83)    AC: 10    Str: 20    XL:     8   Next: 46%
MP:   8/8           EV:  9    Int:  9    God:    Ru [***...]
Gold: 458           SH:  0    Dex: 11    Spells: 9/9 levels left

rFire   . .          .
                       - Unarmed
rCold   . . .        (no shield)
rNeg    . . .        a - +0 robe
rPois   .            (helmet restricted)
rElec   .            H - +1 cloak
rCorr   .            (gloves unavailable)
SInv    .            (boots unavailable)
Will    +....        (no amulet)
Stlth   +            i - ring of willpower
HPRegen 1.13/turn    j - +4 ring of protection
MPRegen 0.11/turn

%: no passive effects
@: lethally poisoned (-4 -> -19), lightly drained
A: large, unfitting armour, claws 3, regeneration 1, shaggy fur 1, tough skin 1,
inability to train dodging, inexperienced 1
a: Renounce Religion, Draw Out Power


You were on level 8 of the Dungeon.
You worshipped Ru.
Ru was most pleased with you.
You visited 1 branch of the dungeon, and saw 8 of its levels.

You collected 502 gold pieces.
You spent 44 gold pieces at shops.

Inventory:

Missiles
 c - 7 darts of dispersal (quivered)
 d - 66 stones
 n - 15 boomerangs
 q - 22 poisoned darts
 s - 6 atropa-tipped darts
 u - a throwing net
 G - 2 silver javelins
Armour
 a - a +0 robe (worn)
 H - a +1 cloak (worn)
Jewellery
 h - a ring of flight
 i - a ring of willpower (left claw)
 j - a +4 ring of protection (right claw)
 v - a ring of wizardry
Wands
 p - a wand of polymorph (7)
 y - a wand of acid (9)
 E - a wand of roots (13)
Scrolls
 b - a scroll of blinking
 e - a scroll of summoning {unknown}
 f - 2 scrolls of fear {unknown}
 g - 3 scrolls of amnesia {unknown}
 k - 8 scrolls of identify {unknown}
 l - 6 scrolls of teleportation
 o - 2 scrolls of vulnerability {unknown}
 r - a scroll of noise
 x - a scroll of silence {unknown}
 D - a scroll of fog {unknown}
 F - a scroll of enchant weapon {unknown}
Potions
 m - 2 potions of curing
 t - 3 potions of heal wounds
 w - 2 potions of lignification {unknown}
 z - 2 potions of degeneration {unknown}
 A - a potion of magic {unknown}
 B - a potion of haste {unknown}
 C - 2 potions of berserk rage {unknown}


   Skills:
 + Level 5.6 Fighting
 - Level 0.8 Throwing
 * Level 9.5 Unarmed Combat
 - Level 1.2 Spellcasting
 + Level 5.4 Translocations


You had 9 spell levels left.
You didn't know any spells.
Your spell library contained the following spells:

 Spells                   Type           Power      Damage    Failure   Level
 Blink                    Tloc           20%        N/A       6%          2
 Lesser Beckoning         Tloc           20%        N/A       6%          2
 Teleport Other           Tloc           10%        N/A       12%         3
 Slow                     Hex            0%         N/A       36%         1
 Manifold Assault         Tloc           10%        N/A       36%         4
 Mercury Vapours          Alch/Air       0%         N/A       50%         2
 Confusing Touch          Hex            0%         N/A       73%         3
 Mephitic Cloud           Conj/Alch/Air  0%         N/A       73%         3
 Sigil of Binding         Hex            0%         N/A       73%         3
 Vampiric Draining        Necr           0%         2d6       73%         3
 Vhi's Electric Charge    Tloc/Air       10%        N/A       75%         4
 Freezing Cloud           Conj/Ice/Air   0%         6-21      100%        5


Dungeon Overview and Level Annotations

Branches:
Dungeon (8/15) Zot: 26495  Temple (0/1) D:5
   Lair: D:8-11

Altars:
Ashenzari
Qazlal
Ru

Shops:
D:5 *([*   D:8 (?


Innate Abilities, Weirdness & Mutations

You are too large for most types of armour.
You have claws for hands.
Your natural rate of healing is unusually fast.
You are covered in fur. (AC +1)
You have tough skin. (AC +1)
You cannot train Dodging skill.
You are somewhat inexperienced. (-1 XL)


Message History

You are more poisoned.
The killer bee poisons you!
You barely miss the killer bee.
The killer bee is heavily wounded.
You feel very sick.
The killer bee barely misses you. x2; The killer bee stings you.
The killer bee stings you but does no damage.
The killer bee closely misses you.
The killer bee is stunned by your conviction and fails to attack.
You claw the killer bee!
You kill the killer bee!
You feel very sick. The killer bee stings you. The killer bee misses you.
The killer bee closely misses you.
The killer bee stings you but does no damage.
You scratch the killer bee but do no damage.
You feel sick.
The killer bee is stunned by your conviction and fails to attack.
The killer bee barely misses you. x2
You are too injured to fight recklessly!
You are too injured to fight recklessly!
You barely miss the killer bee.
You feel sick.
The killer bee stings you but does no damage.
The killer bee barely misses you.
The killer bee stings you but does no damage.
The killer bee is stunned by your conviction and fails to attack.
The killer bee stings you but does no damage. x2
You claw the killer bee!
The killer bee is almost dead.
You feel sick. The killer bee barely misses you. x2
The killer bee stings you.
You closely miss the killer bee.
You feel sick. The killer bee stings you.
The killer bee stings you but does no damage.
The killer bee misses you. The killer bee barely misses you.
The killer bee stings you but does no damage.
The killer bee barely misses you.
You mangle the killer bee!!
You kill the killer bee!
You feel sick.
The killer bee stings you but does no damage.
The killer bee barely misses you. x2; The killer bee closely misses you.
You barely miss the killer bee.
You feel sick. The killer bee barely misses you.
The killer bee closely misses you.
The killer bee stings you but does no damage.
You scratch the killer bee.
The killer bee is moderately wounded.
The killer bee stings you but does no damage.
The killer bee stings you.
You are more poisoned.
The killer bee poisons you! The killer bee barely misses you.
The killer bee stings you.
The killer bee stings you but does no damage. x2
You miss the killer bee.
The killer bee is moderately wounded.
You feel very sick.
The killer bee stings you but does no damage.
The killer bee barely misses you. The killer bee stings you.
* * * LOW HITPOINT WARNING * * *
The killer bee stings you but does no damage.
The killer bee stings you.
* * * LOW HITPOINT WARNING * * *
You are more poisoned.
The killer bee poisons you! The killer bee barely misses you.
You barely miss the killer bee.
The killer bee is moderately wounded.
You feel very sick. The killer bee barely misses you.
The killer bee stings you but does no damage.
The killer bee stings you.
* * * LOW HITPOINT WARNING * * *
You are more poisoned.
The killer bee poisons you!
You miss the killer bee.
The killer bee is moderately wounded.
You feel very sick. The killer bee stings you.
* * * LOW HITPOINT WARNING * * *
The killer bee misses you. The killer bee closely misses you.
The killer bee stings you.
* * * LOW HITPOINT WARNING * * *
You are lethally poisoned!
The killer bee poisons you! The killer bee barely misses you.
The killer bee stings you.
* * * LOW HITPOINT WARNING * * *
You are more poisoned.
The killer bee poisons you!
You scratch the killer bee.
The killer bee is heavily wounded.
* * * LOW HITPOINT WARNING * * *
You feel extremely sick. The killer bee closely misses you.
The killer bee stings you but does no damage. x3
The killer bee barely misses you.
The killer bee stings you but does no damage.
You closely miss the killer bee.
The killer bee is heavily wounded.
* * * LOW HITPOINT WARNING * * *
You feel very sick. The killer bee stings you.
You die...

...'...>.#....##..#.....#
...#...).#....#...'.....#
...#....)#....#...#.....#
...#.....##########.....#
...#....................#
...#....................#
'###....................#
...#....................#
...#...........y@y......#
...#.....#######y####+###
####.....+......y...#
...# #..........# ...#
#..........# ...#
#.y####'#### ...# #. ..#
...# # ... ...# ...


You could see 4 killer bees.

Vanquished Creatures
  Grinder (D:5)
  Sigmund (D:6)
  Edmund (D:5)
  2 water moccasins
  2 orc warriors
  An ice beast (D:6)
  2 black bears
  An ogre (D:5)
  A centaur (D:7)
  A kobold brigand (D:8)
  A scorpion (D:4)
  8 wights
  2 killer bees (D:8)
  5 howler monkeys
  A bombardier beetle (D:4)
  3 hounds
  3 jellies
  2 orc priests
  3 sleepcaps
  Crazy Yiuf (D:3)
  3 iguanas
  An orc wizard (D:3)
  5 adders
  8 gnolls
  2 shadow imps
  2 white imps
  2 dart slugs (D:1)
  2 ribbon worms
  20 orcs
  4 ball pythons
  10 endoplasms
  A giant cockroach (D:1)
  5 goblins
  A hobgoblin (D:4)
  9 jackals
  5 bats
  2 frilled lizards
  18 kobolds
  9 rats
151 creatures vanquished.

Vanquished Creatures (others)
  A kobold (D:8)
1 creature vanquished.

Grand Total: 152 creatures vanquished

Notes
Turn   | Place    | Note
-------+----------+-------------------------------------------
     0 | D:1      | jimonade the Troll Warper began the quest for the Orb.
     0 | D:1      | Reached XP level 1. HP: 19/19 MP: 1/1
   160 | D:1      | Reached XP level 2. HP: 28/28 MP: 2/2
   432 | D:1      | Reached XP level 3. HP: 35/35 MP: 3/3
   879 | D:2      | Reached skill level 3 in Unarmed Combat
  1717 | D:3      | Reached XP level 4. HP: 42/42 MP: 4/4
  1868 | D:3      | Found a sacrificial altar of Ru.
  1914 | D:3      | Became a worshipper of Ru the Awakened
  2169 | D:3      | Found a stormy altar of Qazlal.
  2421 | D:3      | Found a runed translucent door.
  2422 | D:3      | Noticed Crazy Yiuf
  2430 | D:3      | Killed Crazy Yiuf
  2431 | D:3      | Reached XP level 5. HP: 46/50 MP: 5/5
  2470 | D:4      | Noticed a black bear
  2482 | D:4      | Killed a black bear
  2483 | D:4      | Reached skill level 4 in Unarmed Combat
  2537 | D:4      | Reached XP level 6. HP: 56/59 MP: 6/6
  2666 | D:4      | Reached skill level 5 in Unarmed Combat
  3268 | D:4      | Gained mutation: You are somewhat inexperienced. (-1 XL)
                  | [Ru sacrifice]
  3268 | D:4      | Reached XP level 5. HP: 53/53 MP: 5/5
  3268 | D:4      | Reached * piety under Ru
  3310 | D:5      | Entered Level 5 of the Dungeon
  3326 | D:5      | Noticed Grinder
  3334 | D:5      | Paralysed by Grinder for 4 turns
  3345 | D:5      | Killed Grinder
  3346 | D:5      | Reached XP level 6. HP: 61/61 MP: 6/6
  3383 | D:5      | Reached skill level 6 in Unarmed Combat
  3403 | D:5      | Found Qovoukk's Antique Weapon Shoppe.
  3405 | D:5      | Found Ciwiong's Assorted Antiques.
  3407 | D:5      | Found Zutoq's Assorted Antiques.
  3409 | D:5      | Found Qack's Armour Shoppe.
  3439 | D:5      | Noticed Edmund
  3452 | D:5      | Killed Edmund
  3515 | D:5      | Reached XP level 7. HP: 68/70 MP: 7/7
  3755 | D:5      | Reached skill level 7 in Unarmed Combat
  3798 | D:5      | Found a staircase to the Ecumenical Temple.
  4082 | D:6      | Noticed Sigmund
  4094 | D:6      | Killed Sigmund
  4234 | D:6      | Identified the +3 scale mail of Circular Logic {rN+++ MP+9
                  | Int-2 Dex-3}
  5135 | D:7      | Reached skill level 8 in Unarmed Combat
  5169 | D:7      | Reached skill level 5 in Fighting
  5184 | D:7      | Reached XP level 8. HP: 33/80 MP: 8/8
  5189 | D:7      | Reached skill level 5 in Translocations
  5660 | D:8      | Reached skill level 9 in Unarmed Combat
  5716 | D:8      | Gained mutation: You cannot train Dodging skill. [Ru
                  | sacrifice]
  5716 | D:8      | Reached ** piety under Ru
  5716 | D:8      | Reached *** piety under Ru
  5752 | D:8      | Found a broken altar of Ashenzari.
  5853 | D:8      | Found Moseku's Magic Scroll Shoppe.
  5862 | D:8      | Bought a scroll of noise for 11 gold pieces
  5862 | D:8      | Bought a scroll of teleportation for 33 gold pieces
  5913 | D:8      | Found Xoryfiss's Antique Weapon Emporium.
  6170 | D:8      | HP: 2/81 [poisoned by a killer bee]
  6170 | D:8      | Slain by a killer bee

Illustrated notes

Levels and vault maps discovered:
D:1:      ebering_trefoil_3fold, layout_basic
D:2:      layout_loops_corners, st_stairs_13, minmay_misc_feat_rows,
          nrook_loot_triangle
D:3:      layout_loops_corners, mainiacjoe_overflow_alcove_1,
          lemuel_coloured_pillars_altar, chequers_serial_rivers_large_b,
          uniq_crazy_yiuf_cottage
D:4:      layout_loops_ring, minmay_crystal_room, minivault_5, st_stairs_4,
          kennysheep_cross_room
D:5:      layout_basic, temple_hall, minmay_misc_feat_nine_boxes,
          minmay_shop_grid_forest, uniq_grinder, uniq_edmund
D:6:      layout_layer_cave, grunt_decor_clamped, uniq_sigmund
D:7:      layout_basic
D:8:      layout_gridville, jmf_multi_god_temple, amcnicky_altar_gilded,
          serial_shops, nicolae_square_shop, kennysheep_little_box

Skill      XL: |  1  2  3  4  5  6  7  8 |
---------------+-------------------------+-----
Fighting       | 2 4 5 |  5.6
Unarmed Combat | 3 4 6 8 9 |  9.5
Translocations | 3 4 5 |  5.4
Dodging        | 0 |  0.0
Throwing       | |  0.8
Spellcasting   | |  1.2

Action                     |  1- 3 |  4- 6 |  7- 9 || total
---------------------------+-------+-------+-------++-------
  Melee: Unarmed           |   103 |   147 |   200 ||   450
         Punch             |     2 |     7 |    10 ||    19
 Invoke: Sacrifice Experie |       |     1 |       ||     1
         Sacrifice Nimblen |       |       |     1 ||     1
    Use: Potion            |       |       |     3 ||     3
   Stab: Sleeping          |     1 |       |       ||     1
         Distracted        |       |       |     2 ||     2
 Armour: Robe              |    62 |    76 |   188 ||   326
  Dodge: Dodged            |    54 |    50 |   110 ||   214
